Map: Triton LE

Players

Ratl

  • Race: Protoss Protoss
  • League: Silver
  • Spawn Location: 5:00

DANO - Winner!

  • Race: Zerg Zerg
  • League: Gold
  • Spawn Location: 11:00

VOD

Have the link to the VOD?

Description

Time

  • Played on: Jan. 18, 2020, 7:33 p.m.
  • Length: 4:49
Show
View Real Time Build Order
Export as new Build Order

Ratl Protoss 

Build Orders: 1 Gate Expand, Double Forge 

Get SALT Encoding   

  12  0:01  Probe  
  13  0:13  Probe  
  14  0:20  Pylon  
  14  0:25  Probe  
  15  0:38  Probe  
  16  0:48  Gateway  
  16  0:50  Probe  
  17  1:02  Probe  
  17  1:03  Assimilator  
  18  1:15  Probe  
  19  1:27  Probe  
  20  1:32  Nexus  
  20  1:39  Probe  
  20  1:52  Probe  
  20  1:54  Cybernetics Core  
  21  2:02  Forge  
  21  2:04  Probe  
  22  2:09  Forge  
  22  2:16  Probe  
  22  2:17  Assimilator  
  23  2:27  Pylon  
  23  2:29  Pylon  
  23  2:44  Probe (Chrono Boost), Stalker  
  23  2:48  Probe (Chrono Boost)  
  27  2:56  Probe (Chrono Boost)  
  27  2:58  Robotics Facility  
  29  3:00  Probe (Chrono Boost)  
  29  3:05  Probe (Chrono Boost)  
  30  3:08  Probe (Chrono Boost)  
  32  3:13  Probe (Chrono Boost)  
  32  3:15  Gateway  
  32  3:17  Warp Gate (Chrono Boost)  
  32  3:21  Gateway  
  32  3:27  Stalker  
  32  3:30  Probe  
  32  3:31  Probe  
  36  3:43  Probe x2  
  38  3:55  Probe (Chrono Boost)  
  40  3:57  Assimilator  
  40  3:59  Assimilator  
  40  4:00  Probe (Chrono Boost), Observer  
  41  4:05  Probe (Chrono Boost)  
  41  4:09  Probe (Chrono Boost)  
  43  4:10  Probe (Chrono Boost)  
  44  4:18  Photon Cannon  
  44  4:19  Probe  
  44  4:20  Photon Cannon  
  44  4:21  Photon Cannon  
  43  4:24  Probe  
  45  4:31  Probe  
Show
View Real Time Build Order
Export as new Build Order

DANO Zerg - Winner!

Build Orders: Pool First 

Get SALT Encoding   

  12  0:02  Drone  
  13  0:19  Drone, Overlord  
  14  0:36  Spawning Pool  
  14  0:38  Drone  
  14  0:41  Drone  
  15  0:46  Drone  
  16  0:57  Drone  
  16  1:03  Drone  
  18  1:13  Extractor  
  18  1:14  Drone  
  18  1:23  Queen  
  18  1:25  Zergling x2  
  21  1:37  Drone  
  22  1:51  Overlord  
  22  1:58  Overlord  
  22  2:11  Drone  
  23  2:17  Hatchery  
  23  2:21  Zergling x2  
  23  2:29  Metabolic Boost  
  23  2:31  Zergling x2  
  23  2:33  Zergling x2  
  23  2:34  Zergling x4  
  27  2:44  Zergling x2  
  28  2:56  Overlord  
  28  3:06  Zergling x2  
  28  3:07  Zergling x6  
  32  3:22  Zergling x2  
  33  3:30  Zergling x2  
  33  3:32  Zergling x2  
  35  3:35  Queen  
  37  3:45  Zergling x6  
  37  3:46  Spine Crawler  
  39  3:48  Drone  
  40  3:56  Drone  
  40  3:59  Drone x2  
  43  4:07  Spine Crawler  
Tags
 
Add a new tag
Caveats
  • Supply blocks, unpowered buildings, or Contaminate may cause inaccurate times.
  • Supply counts are checked every 10 seconds.